 Dungeon Crawl Stone Soup version 0.27-a0-1232-gc6a4cbde82 (webtiles) character file.

Game seed: 11986681390838296494

3108 mordus the Grappler (level 9, -4/80 HPs)
             Began as a Troll Monk on June 8, 2021.
             Slain by a cyclops (17 damage)
             ... on level 8 of the Dungeon.
             The game lasted 00:08:27 (4799 turns).

mordus the Grappler (Troll Monk)                    Turns: 4799, Time: 00:08:28

Health: -4/80      AC:  5    Str: 22    XL:     9   Next: 60%
Magic:  8/8        EV: 12    Int: 12    God:
Gold:   268        SH:  0    Dex: 14    Spells: 8/8 levels left

rFire    . . .     SeeInvis .     - Unarmed
rCold    . . .     Faith    .   (no shield)
rNeg     . . .     Spirit   .   a - +0 robe
rPois    .         Reflect  .   (helmet restricted)
rElec    .         Harm     .   G - +0 cloak
rCorr    .         Rampage  .   (gloves unavailable)
Will     .....                  (boots unavailable)
Stlth    ++........             (no amulet)
HPRegen  1.23/turn              f - +6 ring of intelligence
MPRegen  0.11/turn              (no ring)

@: no status effects
A: large, unfitting armour, claws 3, regeneration 1, shaggy fur 1, tough skin 1
a: no special abilities


You were on level 8 of the Dungeon.
You visited 1 branch of the dungeon, and saw 8 of its levels.

You collected 268 gold pieces.

Inventory:

Hand Weapons
 s - a +0 giant club
Missiles
 v - 44 poisoned darts (quivered)
Armour
 a - a +0 robe (worn)
 G - a +0 cloak (worn)
Jewellery
 f - a +6 ring of intelligence (left claw)
 i - an amulet of faith
 F - a +4 ring of evasion
Wands
 m - a wand of mindburst (31)
 o - a wand of flame (12)
 q - a wand of paralysis (9)
 t - a wand of polymorph (12)
 x - a wand of digging (4)
 C - a wand of iceblast (8)
Scrolls
 g - 2 scrolls of enchant armour {unknown}
 k - 4 scrolls of teleportation {unknown}
 l - 3 scrolls of torment {unknown}
 n - 2 scrolls of fog {unknown}
 p - 2 scrolls of noise {unknown}
 r - 3 scrolls of identify {unknown}
 w - a scroll of vulnerability {unknown}
 y - a scroll of brand weapon {unknown}
 A - a scroll of amnesia {unknown}
 D - a scroll of blinking {unknown}
Potions
 b - a potion of berserk rage {unknown}
 c - a potion of attraction {unknown}
 d - a potion of mutation {unknown}
 e - 6 potions of curing {unknown}
 h - a potion of cancellation {unknown}
 j - a potion of flight {unknown}
 u - 2 potions of brilliance {unknown}
 z - a potion of heal wounds {unknown}
 B - a potion of magic {unknown}
 E - 2 potions of degeneration {unknown}


   Skills:
 - Level 2.4 Fighting
 + Level 5.3 Maces & Flails
 + Level 5.5 Dodging
 - Level 1.0 Stealth
 * Level 10.9 Unarmed Combat


You had 8 spell levels left.
You didn't know any spells.
Your spell library was empty.

Dungeon Overview and Level Annotations

Branches:
Dungeon (8/15)             Temple (0/1) D:5
   Lair: D:8-11

Altars:
Elyvilon
Gozag
Kikubaaqudgha
Makhleb
Sif Muna
Vehumet
Wu Jian
Yredelemnul

Shops:
D:4 [((


Innate Abilities, Weirdness & Mutations

You are too large for most types of armour.
You have claws for hands.
Your natural rate of healing is unusually fast.
You are covered in fur. (AC +1)
You have tough skin. (AC +1)


Message History

You see here a steam dragon corpse.
Found a pair of runed boots.
t - a wand of polymorph (12) (gained 7 charges)
Found an escape hatch in the floor.
A cyclops comes into view.
A wyvern comes into view.
The cyclops shouts!
The wyvern hisses angrily.
There are monsters nearby!
The cyclops throws a large rock.
The large rock misses you.
There are monsters nearby!
The wyvern bites you.
There are monsters nearby!
You barely miss the cyclops. The wyvern barely misses you.
There are monsters nearby!
The wyvern bites you! x2
You claw the wyvern!
The wyvern is moderately wounded.
The wyvern closely misses you. The cyclops hits you!
Found a club.
You closely miss the wyvern. Your claw misses the wyvern.
The wyvern is moderately wounded.
The wyvern bites you. x2
You claw the wyvern!
You kill the wyvern!
The cyclops throws a large rock.
The large rock hits you!!!
Ouch! That really hurt!
* * * LOW HITPOINT WARNING * * *
You mangle the cyclops!! You claw the cyclops, but do no damage.
The cyclops is heavily wounded.
The cyclops hits you.
* * * LOW HITPOINT WARNING * * *
You claw the cyclops!
The cyclops is severely wounded.
The cyclops barely misses you.
You completely miss the cyclops.
The cyclops is severely wounded.
You claw the cyclops!
The cyclops is almost dead.
The cyclops hits you!
You die...

# #. # ### #.# # ..##
#..# # ###...#####...###
# .................
#.#.####.:..............
#......@C.>...###.....##
#...####.#..............
)......$................#
##...#.........###......#
#...#.#.......##.......#
#...#.#....[............
#..........#..##.......#
#.###.#..#...####......#
#..........### ##...#.#


You could see a cyclops.

Vanquished Creatures
  Maurice (D:8)
  Grinder (D:6)
  Sigmund (D:3)
  A wyvern (D:8)
  A steam dragon (D:8)
  4 water moccasins
  A sky beast (D:5)
  2 ogres
  3 necrophages
  A centaur (D:7)
  A kobold brigand (D:7)
  A bullfrog (D:7)
  Blork the orc (D:4)
  2 water moccasin zombies
  2 scorpions (D:4)
  A wyvern skeleton (D:7)
  A centaur zombie (D:5)
  A crimson imp (D:3)
  A centaur skeleton (D:4)
  A gnoll shaman (D:8)
  2 orc priests (D:8)
  4 hounds
  2 bullfrog skeletons (D:5)
  An iguana (D:5)
  An orc wizard (D:7)
  Ijyb (D:3)
  A killer bee zombie (D:8)
  A howler monkey zombie (D:5)
  4 gnolls (D:8)
  5 adders
  A shadow imp (D:7)
  A white imp (D:6)
  An adder zombie (D:5)
  A dart slug (D:3)
  11 orcs
  9 ball pythons
  6 endoplasms
  5 giant cockroaches
  3 goblins
  8 hobgoblins
  6 jackals
  6 quokkas
  4 bats
  11 kobolds
  4 rats
127 creatures vanquished.

Notes
Turn   | Place    | Note
-------+----------+-------------------------------------------
     0 | D:1      | mordus the Troll Monk began the quest for the Orb.
     0 | D:1      | Reached XP level 1. HP: 22/22 MP: 0/0
   181 | D:1      | Reached XP level 2. HP: 29/29 MP: 1/1
   400 | D:1      | Reached skill level 4 in Unarmed Combat
   622 | D:1      | Reached XP level 3. HP: 35/36 MP: 2/2
  1320 | D:3      | Noticed Ijyb
  1344 | D:3      | Killed Ijyb
  1345 | D:3      | Reached skill level 5 in Unarmed Combat
  1345 | D:3      | Reached XP level 4. HP: 36/44 MP: 3/3
  1358 | D:3      | Noticed Sigmund
  1372 | D:3      | Killed Sigmund
  1373 | D:3      | Reached skill level 6 in Unarmed Combat
  1373 | D:3      | Reached XP level 5. HP: 16/50 MP: 4/4
  1585 | D:3      | Found a faded altar of an unknown god.
  1726 | D:3      | Found an opulent altar of Gozag.
  1729 | D:3      | Found a white marble altar of Elyvilon.
  1733 | D:3      | Found a shimmering blue altar of Sif Muna.
  1734 | D:3      | Found a basalt altar of Yredelemnul.
  1839 | D:3      | Found a burning altar of Makhleb.
  1839 | D:3      | Found a radiant altar of Vehumet.
  1846 | D:3      | Reached XP level 6. HP: 58/59 MP: 5/5
  2048 | D:4      | Reached skill level 7 in Unarmed Combat
  2067 | D:4      | Noticed Blork the orc
  2074 | D:4      | Killed Blork the orc
  2093 | D:4      | Found Binif's Antique Armour Boutique.
  2134 | D:4      | Reached skill level 1 in Maces & Flails
  2145 | D:4      | Found an ancient bone altar of Kikubaaqudgha.
  2271 | D:4      | Reached XP level 7. HP: 63/66 MP: 6/6
  2406 | D:4      | Found Byiraaf's Weapon Shoppe.
  2593 | D:4      | Found Voycsiwi's Antique Weapon Shop.
  2606 | D:4      | You fall into a shaft and drop 2 floors!
  2635 | D:5      | Entered Level 5 of the Dungeon
  2786 | D:5      | Reached skill level 8 in Unarmed Combat
  3187 | D:5      | Found a staircase to the Ecumenical Temple.
  3265 | D:5      | Reached XP level 8. HP: 74/74 MP: 7/7
  3561 | D:6      | Reached skill level 9 in Unarmed Combat
  3721 | D:6      | Noticed Grinder
  3727 | D:6      | Paralysed by Grinder for 2 turns
  3732 | D:6      | Killed Grinder
  4001 | D:7      | Reached XP level 9. HP: 77/80 MP: 8/8
  4005 | D:7      | Reached skill level 10 in Unarmed Combat
  4342 | D:7      | Found an ornate altar of the Wu Jian Council.
  4405 | D:7      | Reached skill level 5 in Dodging
  4711 | D:8      | Noticed Maurice
  4720 | D:8      | Killed Maurice
  4721 | D:8      | Reached skill level 5 in Maces & Flails
  4785 | D:8      | Noticed a cyclops
  4799 | D:8      | Slain by a cyclops

Illustrated notes

Levels and vault maps discovered:
D:1:      dpeg_arrival_rhombi, layout_basic, minmay_misc_feat_secret_circle,
          hangedman_decor_growths
D:2:      layout_rooms
D:3:      layout_loops_ring, grunt_temple_overflow_lords_of_destruction,
          minitemple, chequers_ecumenical_altar_simple, uniq_ijyb, uniq_sigmund
D:4:      layout_loops_ring, kiku_gazebo_garden_becter, serial_shops,
          kennysheep_mini_moat, shop, nicolae_shop_behind_doors,
          uniq_blork_the_orc
D:5:      layout_gridville, minmay_temple_entry_mini_moons,
          minmay_misc_feat_four_crosses, item_on_display_a
D:6:      layout_cave_pools, uniq_grinder
D:7:      layout_basic, general_overflow_altar
D:8:      layout_loops_ring, lightli_corner_chamber, uniq_maurice

Skill      XL: |  1  2  3  4  5  6  7  8  9 |
---------------+----------------------------+-----
Unarmed Combat | 4 5 6 7 8 9 10 | 10.9
Maces & Flails | 1 2 4 5 |  5.3
Dodging        | 3 4 5 |  5.5
Fighting       | |  2.4
Stealth        | |  1.0

Action                   |  1- 3 |  4- 6 |  7- 9 || total
-------------------------+-------+-------+-------++-------
Melee: Unarmed           |    97 |    83 |   206 ||   386
       Punch             |       |     1 |     9 ||    10
 Stab: Sleeping          |     2 |     2 |     1 ||     5
Armor: Robe              |    45 |    15 |    38 ||    98
Dodge: Dodged            |    48 |    27 |   103 ||   178

Table legend: (Time is in decaauts)
 A = Elapsed time spent in this place.
 B = Non-inter-level travel time spent in this place.
 C = Inter-level travel time spent in this place.
 D = Time resting spent in this place.
 E = Time spent auto-exploring this place.
 F = Levels seen in this place.
 G = Mean time per level.
                   A        B        C        D        E       F      G
               +--------+--------+--------+--------+--------+-----+--------+
         Total |   4743 |   4525 |    218 |     58 |   3622 |   8 |  592.9 |
       Dungeon |   4743 |   4525 |    218 |     58 |   3622 |   8 |  592.9 |
               +--------+--------+--------+--------+--------+-----+--------+

Top non-repeatable levels by time:
     D:4: 836 daAuts
     D:5: 739 daAuts
     D:1: 689 daAuts
     D:3: 675 daAuts
     D:2: 539 daAuts
     D:7: 507 daAuts
     D:6: 443 daAuts
     D:8: 311 daAuts
